Map: Heavy Artillery LE

Players

bvdcent - Winner!

  • Race: Protoss Protoss
  • League: Diamond
  • Spawn Location: 7:00

zoid - Winner!

  • Race: Terran Terran
  • Spawn Location: 7:00

Massa

  • Race: Terran Terran
  • League: Platinum
  • Spawn Location: 1:00

qqq

  • Race: Zerg Zerg
  • League: Platinum
  • Spawn Location: 3:00

VOD

Have the link to the VOD?

Description

Time

  • Played on: Dec. 17, 2020, 12:24 p.m.
  • Length: 16:38
Show
View Real Time Build Order
Export as new Build Order

bvdcent Protoss - Winner!

Build Orders: Carriers 

Get SALT Encoding   

  12  0:04  Probe  
  13  0:16  Probe  
  15  0:28  Probe  
  15  0:41  Pylon  
  15  0:59  Gateway  
  15  1:00  Gateway  
  15  1:02  Gateway  
  15  1:04  Probe  
  16  1:10  Pylon  
  16  1:16  Probe  
  17  1:28  Probe  
  18  1:41  Probe  
  18  1:45  Zealot x2 (Chrono Boost)  
  26  1:55  Zealot (Chrono Boost)  
  26  2:04  Pylon  
  29  2:11  Zealot x2 (Chrono Boost)  
  29  2:20  Zealot (Chrono Boost)  
  31  2:31  Zealot x2  
  31  3:09  Zealot x2  
  31  3:11  Nexus  
  33  3:17  Cybernetics Core  
  29  3:21  Assimilator  
  29  3:25  Zealot  
  31  3:36  Zealot  
  33  3:49  Probe  
  33  3:52  Assimilator  
  33  3:55  Gateway  
  34  4:01  Probe  
  35  4:13  Probe  
  34  4:25  Probe  
  35  4:37  Probe, Warp Gate (Chrono Boost)  
  34  4:46  Gateway  
  34  4:48  Probe  
  34  4:49  Probe  
  32  5:00  Probe  
  32  5:02  Probe  
  32  5:12  Probe  
  32  5:14  Probe  
  30  5:22  Gateway  
  30  5:24  Probe  
  30  5:26  Probe, Pylon  
  30  5:27  Stalker  
  40  5:36  Probe  
  40  5:38  Probe  
  40  5:41  Stalker  
  44  5:47  Pylon  
  44  5:49  Probe  
  45  5:50  Probe  
  40  5:57  Gateway, Stalker  
  40  5:58  Twilight Council  
  40  6:01  Probe  
  40  6:02  Probe, Assimilator  
  44  6:07  Assimilator  
  44  6:13  Probe  
  44  6:14  Probe  
  46  6:20  Pylon  
  46  6:22  Pylon  
  46  6:25  Probe  
  47  6:27  Stalker x2  
  51  6:38  Probe x2  
  53  6:40  Zealot  
  53  6:50  Probe  
  54  6:58  Charge (Chrono Boost)  
  54  6:59  Robotics Facility  
  54  7:09  Nexus  
  54  7:10  Pylon  
  54  7:13  Probe x2  
  54  7:14  Pylon  
  56  7:16  Forge  
  56  7:18  Sentry  
  56  7:19  Sentry x2  
  62  7:47  Protoss Ground Weapons Level 1 (Chrono Boost), Robotics Bay  
  62  7:51  Dark Shrine  
  62  7:52  Gateway  
  62  7:58  Photon Cannon, Pylon  
  62  8:01  Photon Cannon  
  62  8:03  Shield Battery  
  62  8:07  Photon Cannon  
  62  8:08  Shield Battery  
  62  8:16  Stalker x2  
  64  8:20  Photon Cannon  
  62  8:30  Stalker x2  
  66  8:35  Shield Battery  
  66  8:53  Colossus  
  66  8:54  Probe  
  66  8:55  Probe x2, Extended Thermal Lance (Chrono Boost)  
  69  8:57  Pylon  
  69  9:07  Probe  
  69  9:09  Pylon  
  76  9:16  Photon Cannon  
  76  9:28  Dark Templar  
  76  9:29  Dark Templar x2  
  82  9:33  Probe x2  
  82  9:34  Probe  
  82  9:37  Assimilator  
  85  9:40  Assimilator  
  85  9:45  Probe x2  
  87  9:54  Photon Cannon  
  87  9:56  Photon Cannon  
  87  9:57  Shield Battery  
  85  10:25  Zealot x4  
  85  10:26  Zealot  
  95  10:35  Probe x2  
  73  11:09  Colossus (Chrono Boost)  
  71  11:14  Probe x2  
  71  11:15  Probe  
  80  11:23  Nexus, Dark Templar x2  
  80  11:24  Dark Templar  
  80  11:25  Pylon  
  86  11:26  Probe x2  
  86  11:27  Pylon  
  86  11:29  Assimilator  
  88  11:33  Photon Cannon, Assimilator  
  88  11:36  Photon Cannon  
  88  11:38  Photon Cannon  
  88  11:42  Pylon  
  88  11:47  Stargate  
  88  11:49  Stargate  
  88  11:52  Probe x2  
  88  11:53  Probe  
  91  11:56  Observer, Photon Cannon  
  91  11:59  Photon Cannon  
  90  12:01  Shield Battery  
  90  12:04  Probe  
  90  12:05  Probe x2  
  90  12:06  Pylon  
  90  12:07  Stargate  
  90  12:08  Stargate  
  93  12:12  Stargate  
  93  12:16  Probe  
  93  12:21  Probe x2  
  96  12:27  Photon Cannon  
  96  12:28  Probe  
  96  12:29  Photon Cannon  
  97  12:30  Shield Battery  
  97  12:50  Probe x3  
  100  12:54  Fleet Beacon  
  100  12:55  Protoss Air Weapons Level 1 (Chrono Boost)  
  100  13:06  Probe  
  100  13:07  Probe x2  
  100  13:10  Protoss Shields Level 1 (Chrono Boost)  
  103  13:25  Probe x2  
  105  13:35  Carrier x4 (Chrono Boost)  
  105  13:36  Carrier (Chrono Boost)  
  135  13:56  Nexus  
  135  13:57  Pylon  
  135  14:01  Pylon  
  135  14:04  Pylon  
  135  14:17  Probe  
  135  14:18  Probe  
  137  14:29  Observer, Carrier x4 (Chrono Boost)  
  162  14:33  Probe x3  
  162  14:37  Photon Cannon  
  165  14:40  Photon Cannon  
  165  14:45  Photon Cannon  
  165  14:47  Photon Cannon  
  165  14:50  Observer  
  166  15:08  Carrier  
  172  15:24  Templar Archives  
  172  15:33  Gateway  
  172  15:36  Gateway  
  171  15:44  Photon Cannon  
  171  15:46  Photon Cannon  
  171  15:48  Photon Cannon  
  171  15:49  Shield Battery  
  171  15:50  Shield Battery  
  171  15:55  Pylon  
  171  15:56  Dark Templar x5  
  181  15:58  Assimilator  
  181  16:03  Assimilator  
Show
View Real Time Build Order
Export as new Build Order

zoid Terran - Winner!

Build Orders:  

Get SALT Encoding   

  12  0:00  SCV  
  13  0:12  SCV  
  14  0:22  Supply Depot  
  14  0:24  SCV  
  15  0:44  SCV  
  15  0:45  Barracks  
  16  0:56  SCV  
  17  1:08  SCV  
  18  1:18  Supply Depot  
  18  1:21  SCV  
  19  1:31  Command Center  
  19  1:39  SCV  
  20  1:40  Marine  
  21  1:51  Refinery  
  21  2:00  Orbital Command  
  21  2:03  Marine  
  21  2:07  Refinery  
  22  2:21  Marine  
  23  2:27  SCV  
  23  2:29  Barracks  
  24  2:39  SCV  
  25  2:47  Supply Depot  
  25  2:52  SCV  
  25  2:54  Marine  
  25  2:58  Orbital Command  
  27  3:07  Factory  
  27  3:08  SCV  
  27  3:12  Marine  
  29  3:17  Barracks  
  29  3:29  SCV x2  
  31  3:34  Barracks Tech Lab  
  31  3:37  Marine  
  31  3:41  SCV x2  
  34  3:53  SCV x2  
  34  3:54  Factory Tech Lab  
  34  3:55  Marine  
  36  3:56  Marauder  
  36  3:59  Supply Depot  
  39  4:03  Engineering Bay  
  39  4:08  SCV x2  
  39  4:09  Marine  
  41  4:13  Marine, Supply Depot  
  41  4:15  Siege Tank  
  45  4:17  Marine  
  45  4:20  SCV  
  47  4:31  Marine  
  47  4:35  SCV, Marine x2  
  50  4:43  Stimpack  
  49  4:48  Starport, SCV x2  
  49  4:49  Marine  
  49  4:52  Barracks  
  52  4:53  Marine  
  53  5:00  SCV  
  53  5:03  SCV  
  53  5:04  Marauder  
  53  5:06  Marine  
  58  5:11  Marine  
  59  5:14  SCV  
  59  5:15  SCV  
  59  5:18  Siege Tank  
  61  5:24  Marine  
  61  5:25  Marine  
  61  5:26  SCV  
  61  5:27  SCV  
  63  5:29  Marine  
  59  5:38  SCV  
  59  5:40  SCV  
  59  5:42  Marine  
  62  5:44  Marauder  
  62  5:46  Marine  
  65  5:50  Siege Tank  
  65  5:51  Starport Reactor  
  65  5:56  SCV  
  69  5:57  SCV, Command Center  
  70  6:05  Bunker  
  70  6:08  Refinery  
  70  6:09  Refinery, Supply Depot  
  70  6:11  Barracks Tech Lab  
  70  6:12  Barracks Tech Lab  
  70  6:14  Terran Infantry Weapons Level 1  
  70  6:16  Supply Depot  
  70  6:18  Missile Turret  
  70  6:25  Supply Depot  
  70  6:30  Combat Shield  
  70  6:31  Widow Mine, SCV x2, Armory, Marauder, Marine  
  70  6:32  Marine  
  78  6:33  Barracks  
  78  6:37  Marine  
  78  6:38  Supply Depot  
  79  6:43  SCV  
  79  6:46  SCV  
  81  6:49  Marine  
  81  6:50  Marine  
  81  6:53  Marauder  
  81  6:54  Concussive Shells  
  85  6:55  SCV, Marine  
  85  6:56  Widow Mine  
  85  6:59  SCV  
  90  7:01  Medivac  
  90  7:03  Engineering Bay  
  90  7:04  Armory  
  90  7:06  Marine  
  93  7:09  Marine  
  93  7:10  SCV  
  93  7:13  Marine x2  
  93  7:14  Planetary Fortress  
  97  7:21  Missile Turret  
  97  7:22  Marine  
  98  7:24  Marine  
  98  7:26  Medivac  
  98  7:27  Marine  
  102  7:32  Supply Depot  
  102  7:34  SCV x2  
  104  7:37  Refinery  
  104  7:44  Medivac  
  104  7:45  Marauder, Marine x2  
  110  7:53  Refinery, Siege Tank  
  110  7:56  Medivac  
  115  7:58  Marine, Supply Depot  
  115  7:59  Marine  
  115  8:02  Terran Vehicle And Ship Armor Level 1  
  115  8:03  Marine  
  118  8:09  Terran Infantry Armor Level 1  
  118  8:15  Supply Depot  
  118  8:17  Marine x2  
  117  8:22  Medivac  
  117  8:23  Marine x2  
  117  8:26  Marine  
  115  8:28  Medivac  
  115  8:32  Supply Depot  
  115  8:34  Marine  
  115  8:35  Marine  
  103  8:45  Marine x3  
  103  8:48  Widow Mine  
  105  8:52  Marine x2, Medivac  
  109  8:58  Viking  
  109  8:59  Supply Depot  
  111  9:03  Marine x3  
  114  9:10  Marine x2  
  114  9:15  Terran Vehicle Weapons Level 1  
  116  9:19  Supply Depot  
  116  9:20  Marine  
  116  9:21  Marine x2  
  116  9:22  Medivac  
  121  9:28  Marine x2, Viking  
  125  9:38  Marine x2  
  125  9:39  Marine  
  125  9:40  Siege Tank  
  131  9:46  Marine x2  
  131  9:52  Medivac  
  135  9:56  Marine x3  
  135  9:58  Viking  
  131  10:03  Marine  
  131  10:04  Marauder  
  127  10:12  Widow Mine  
  127  10:14  Marine x3  
  124  10:21  Marine  
  124  10:22  Medivac  
  124  10:25  Marine  
  124  10:28  Medivac  
  123  10:32  Marine x2  
  123  10:33  Marauder  
  123  10:34  Widow Mine  
  129  10:37  Terran Infantry Armor Level 2  
  129  10:39  Terran Infantry Weapons Level 2, Marine  
  129  10:40  Terran Vehicle And Ship Armor Level 2  
  130  10:43  Marine  
  130  10:47  Command Center  
  130  10:49  Marine  
  131  10:50  Marine  
  131  10:53  Marine  
  131  10:55  Siege Tank  
  134  10:57  Marine  
  134  11:01  Marine  
  127  11:07  Marine x2  
  125  11:11  Terran Vehicle Weapons Level 2, Marine  
  125  11:15  Marine  
  127  11:19  Marine  
  127  11:25  Marine  
  128  11:26  Marauder  
  128  11:27  Siege Tank  
  128  11:30  Marauder  
  134  11:33  Marine  
  134  11:36  Marine  
  134  11:37  Supply Depot  
  136  11:43  Marine  
  136  11:45  Viking, Medivac  
  136  11:47  Marine  
  141  11:50  Marine  
  141  11:51  Marauder  
  141  11:52  Supply Depot  
  141  11:53  Supply Depot  
  145  11:55  Marauder  
  145  11:59  Siege Tank  
  145  12:01  Marine  
  147  12:04  Marine  
  148  12:08  Marine  
  148  12:12  Marine  
  148  12:15  Viking, Medivac  
  154  12:16  Marauder  
  154  12:19  Marine  
  156  12:23  Marauder  
  156  12:26  Marine  
  159  12:30  Marine, Planetary Fortress  
  159  12:31  Siege Tank  
  157  12:45  Viking  
  159  12:55  Terran Infantry Armor Level 3  
  157  13:03  Siege Tank  
  157  13:05  Terran Infantry Weapons Level 3, Terran Vehicle And Ship Armor Level 3  
  155  13:07  Missile Turret x2  
  155  13:09  Marauder, Marine  
  158  13:16  SCV x2  
  158  13:17  SCV  
  157  13:31  Terran Vehicle Weapons Level 3  
  157  13:35  Siege Tank  
  160  13:44  Viking  
  160  13:45  Viking  
  160  13:46  Refinery  
  160  13:47  Refinery  
  162  14:08  Siege Tank  
  165  14:23  Marauder x2  
  165  14:24  Marauder  
  171  14:34  Supply Depot  
  171  14:40  Siege Tank  
  174  14:55  Medivac, Viking, Command Center, Missile Turret  
  174  14:56  Marauder x2  
  174  14:57  Marauder, Supply Depot  
  174  14:58  Missile Turret  
  184  15:23  Marauder  
  184  15:24  Marauder  
  184  15:25  Supply Depot  
  187  15:32  Hi-Sec Auto Tracking  
  190  15:57  Marauder, Siege Tank  
  190  15:58  Marauder x2  
Show
View Real Time Build Order
Export as new Build Order

Massa Terran 

Build Orders: Reaper Expand 

Get SALT Encoding   

  12  0:05  SCV  
  13  0:17  SCV  
  14  0:28  Supply Depot  
  14  0:33  SCV  
  15  0:40  Refinery  
  16  0:50  SCV  
  16  0:51  Barracks  
  16  1:02  SCV  
  17  1:14  SCV  
  18  1:29  Command Center  
  18  1:32  SCV  
  19  1:38  Marine  
  20  1:48  Factory  
  20  1:57  Orbital Command  
  20  2:02  Barracks Tech Lab  
  20  2:14  Refinery  
  19  2:21  Reaper  
  19  2:28  SCV  
  20  2:39  Barracks  
  20  2:48  Concussive Shells  
  20  2:54  Marauder  
  22  3:12  Orbital Command  
  22  3:14  SCV  
  22  3:17  Marine  
  23  3:25  Bunker  
  23  3:26  SCV  
  22  3:28  Marine  
  22  3:30  Barracks  
  22  3:32  Barracks  
  23  3:39  Hellion  
  21  3:50  Marine  
  22  4:01  Hellion  
  24  4:09  SCV, Marine  
  23  4:21  SCV  
  23  4:33  Marine x3  
  23  4:45  Marine  
  22  4:51  Marine x2  
  25  4:53  Supply Depot  
  25  4:54  Supply Depot  
  23  5:03  Marine  
  20  5:17  SCV x2  
  22  5:25  Marine  
  22  5:26  Marine x3  
  26  5:29  SCV x2  
  28  5:43  Marine x2  
  28  5:44  Marine  
  31  5:59  Barracks Tech Lab  
  31  6:02  SCV x2  
  33  6:14  SCV x2  
  33  6:15  Supply Depot  
  35  6:23  Marauder  
  35  6:24  Marine x2, Stimpack  
  39  6:37  Supply Depot  
  39  6:42  Marine x2  
  39  6:43  Marine  
  42  6:53  Barracks Tech Lab  
  42  6:55  SCV x2  
  44  7:02  Marauder, Engineering Bay  
  44  7:05  Factory  
  44  7:07  SCV x2  
  48  7:21  SCV x2  
  50  7:23  Marauder  
  52  7:33  SCV x2  
  54  7:39  Command Center  
  54  7:45  SCV  
  54  7:48  Marauder x2  
  54  7:49  Marine x2  
  61  7:56  Refinery, Factory Tech Lab  
  61  8:03  Missile Turret  
  61  8:05  SCV x2, Missile Turret  
  63  8:07  Marine x2  
  63  8:09  Marauder x2  
  69  8:17  SCV  
  69  8:19  SCV  
  68  8:25  Marine x2  
  61  8:29  SCV  
  61  8:30  Siege Tank  
  61  8:31  Bunker, Marauder x2, SCV  
  53  8:42  Marine  
  53  8:43  Marine  
  46  8:52  Marauder  
  46  9:00  Marine x2  
  48  9:06  Barracks  
  48  9:07  Starport  
  48  9:13  Marauder  
  50  9:18  Marine x2  
  50  9:21  Siege Tank  
  55  9:29  Refinery  
  55  9:35  Marauder  
  55  9:36  Marine  
  55  9:37  Barracks Tech Lab  
  58  9:45  Terran Infantry Weapons Level 1  
  58  9:49  Orbital Command  
  58  9:54  Marine  
  58  9:56  Marauder  
  60  10:26  Marauder  
  61  10:41  Missile Turret  
  61  10:51  SCV, Marine x2  
  61  10:53  SCV  
  61  10:54  Marauder x2  
  60  11:07  Medivac  
  61  11:25  Supply Depot x2  
  61  11:27  Barracks, Supply Depot  
  61  11:28  Barracks  
  61  11:46  SCV, Marauder, Marine x2, Medivac, Siege Tank  
  61  11:47  Marauder  
  73  11:49  Supply Depot x2  
  73  11:55  Supply Depot  
  73  11:58  SCV  
  73  12:01  Terran Infantry Armor Level 1  
  74  12:04  Marine  
  74  12:08  Armory, Marauder x2  
  80  12:10  Barracks Tech Lab, SCV  
  80  12:14  Supply Depot  
  80  12:22  SCV, Marine  
  81  12:29  Marauder  
  84  12:35  SCV  
  84  12:46  Barracks Reactor  
  84  12:47  Barracks Reactor, SCV  
  84  12:48  Siege Tank  
  88  12:59  SCV  
  82  13:07  Medivac  
  84  13:14  Marauder x3  
  90  13:26  Terran Vehicle Weapons Level 1  
  90  13:33  Barracks Reactor  
  83  13:34  Missile Turret  
  83  13:35  Marauder x2  
  83  13:36  Marauder, Medivac  
  83  13:39  Missile Turret x2  
  91  13:56  Marine  
  91  13:57  Marauder  
  91  14:00  Missile Turret  
  94  14:10  Starport Reactor  
  94  14:11  Combat Shield  
  94  14:12  Command Center  
  94  14:17  Command Center  
  94  14:24  Sensor Tower  
  94  14:30  Siege Tank  
  97  14:38  Engineering Bay  
  97  14:45  Armory  
  97  14:54  Sensor Tower  
  97  14:58  SCV x2  
  99  15:02  Siege Tank  
  102  15:15  Missile Turret  
  102  15:21  Supply Depot  
  102  15:22  Supply Depot  
  102  15:23  SCV x2, Viking, Medivac  
  102  15:27  Orbital Command  
  108  15:32  Planetary Fortress  
  108  15:35  SCV x2  
  110  15:45  Sensor Tower  
  110  15:47  SCV  
  111  15:53  Viking  
  113  15:58  SCV x2  
  113  15:59  SCV  
  116  16:04  Missile Turret  
  116  16:05  Refinery  
  118  16:15  Marine  
  118  16:16  Marine x3  
  118  16:17  Marine  
  118  16:18  Marine x2  
Show
View Real Time Build Order
Export as new Build Order

qqq Zerg 

Build Orders: Hatch First, Lurkers 

Get SALT Encoding   

  12  0:01  Drone  
  13  0:08  Drone  
  14  0:22  Overlord  
  14  0:48  Hatchery  
  13  0:52  Drone x2  
  13  0:55  Drone  
  16  1:08  Drone  
  17  1:15  Drone  
  18  1:24  Spawning Pool  
  17  1:36  Drone x2  
  19  1:40  Extractor  
  18  2:01  Drone x2  
  19  2:05  Drone  
  20  2:11  Queen  
  20  2:13  Queen  
  20  2:14  Drone  
  25  2:16  Zergling x2  
  25  2:19  Zergling x2  
  27  2:28  Spine Crawler  
  26  2:32  Zergling x2  
  27  2:37  Spine Crawler  
  27  2:40  Zergling x2  
  27  2:41  Zergling x2  
  27  2:54  Zergling x2  
  27  3:01  Zergling x2  
  26  3:13  Overlord  
  26  3:20  Hatchery  
  26  3:23  Metabolic Boost  
  26  3:25  Overlord  
  22  3:43  Zergling x6  
  22  3:47  Lair  
  21  4:23  Zergling x4  
  21  4:24  Zergling x2  
  23  4:42  Zergling x2  
  22  4:55  Zergling x2  
  22  4:56  Drone x3  
  25  5:05  Zergling x6  
  25  5:06  Zergling x2  
  29  5:07  Drone  
  29  5:08  Queen  
  29  5:12  Drone  
  29  5:13  Spire  
  32  5:22  Zergling x2  
  32  5:23  Drone  
  34  5:31  Zergling x6  
  34  5:33  Drone  
  37  5:37  Zergling x2  
  38  5:46  Drone  
  38  5:47  Drone  
  38  5:48  Extractor  
  39  5:58  Zergling x2  
  39  5:59  Zergling x2  
  41  6:08  Zergling x2  
  41  6:09  Drone  
  42  6:15  Zergling x6  
  43  6:26  Overlord x2  
  43  6:27  Overlord  
  42  6:55  Overlord x2  
  42  6:56  Drone x3  
  42  6:57  Drone x4  
  42  7:00  Extractor  
  42  7:01  Extractor  
  47  7:09  Hydralisk Den  
  47  7:10  Infestation Pit  
  47  7:12  Mutalisk x2  
  49  7:18  Overlord x2  
  49  7:19  Drone x2  
  51  7:30  Queen  
  51  7:34  Drone  
  51  7:35  Hatchery, Mutalisk  
  55  7:47  Mutalisk  
  55  7:48  Overlord x2  
  55  7:51  Drone  
  58  8:05  Drone x2  
  45  8:40  Hydralisk x4  
  45  8:41  Hydralisk x2  
  53  8:42  Hydralisk  
  53  8:44  Lurker Den  
  58  9:06  Hydralisk x3  
  64  9:16  Grooved Spines  
  64  9:17  Hive  
  64  9:25  Hydralisk x2  
  64  9:27  Drone  
  64  9:28  Drone  
  64  9:30  Drone  
  71  9:39  Drone  
  71  9:40  Drone x2  
  41  10:08  Hydralisk x4  
  41  10:31  Lurker x3  
  41  10:34  Drone x5  
  49  10:36  Drone  
  49  10:39  Extractor  
  49  10:47  Lurker  
  50  10:53  Drone x2  
  50  11:10  Drone x4  
  50  11:11  Drone x2  
  56  11:16  Overseer x2  
  56  11:20  Drone  
  56  11:21  Drone  
  58  11:26  Pneumatized Carapace  
  58  11:44  Drone x6  
  58  11:45  Drone x3  
  67  11:48  Extractor  
  67  11:53  Evolution Chamber  
  65  11:57  Evolution Chamber  
  64  12:12  Spore Crawler x2  
  64  12:13  Spore Crawler  
  64  12:14  Drone x4  
  64  12:15  Drone x2  
  67  12:16  Drone  
  67  12:17  Drone  
  69  12:41  Extractor, Zerg Melee Weapons Level 1  
  69  12:42  Zerg Ground Armor Level 1  
  68  12:44  Adaptive Talons  
  66  12:52  Mutalisk  
  68  13:14  Drone x3  
  71  13:25  Hydralisk x3  
  71  13:26  Hydralisk  
  79  13:30  Hatchery, Lurker  
  79  13:45  Hatchery  
  78  13:50  Hatchery  
  78  13:53  Drone x3  
  80  13:56  Hydralisk x3  
  80  13:57  Hydralisk x2  
  90  14:04  Hydralisk  
  90  14:06  Overlord  
  92  14:29  Muscular Augments  
  92  14:33  Zergling x8  
  92  14:34  Drone, Zergling x4  
  92  14:35  Drone x2, Zerg Missile Weapons Level 1  
  101  14:47  Queen  
  101  14:49  Drone  
  101  14:52  Lurker x3  
  107  14:59  Drone x2  
  109  15:01  Hydralisk x2  
  109  15:03  Drone  
  114  15:22  Lurker x2  
  114  15:24  Extractor  
  114  15:25  Drone x3  
  114  15:27  Extractor, Drone x2  
  114  15:28  Drone x2  
  121  15:29  Overlord x7  
  121  15:30  Overlord x4  
  115  15:44  Zergling x10  
  115  15:45  Drone x2  
  115  15:46  Drone x3  
  125  15:58  Zergling x8  
  125  15:59  Drone x4  
  133  16:06  Corruptor x2  
  133  16:07  Corruptor x2  
  133  16:11  Extractor  
  137  16:12  Extractor  
  137  16:13  Extractor  
  137  16:14  Extractor  
Tags
 
Add a new tag
Caveats
  • Supply blocks, unpowered buildings, or Contaminate may cause inaccurate times.
  • Supply counts are checked every 10 seconds.